 Dungeon Sprint DCSS version 0.17-a0-1718-g72dbe4d (webtiles) character file.

67688 Kidiri the Imperceptible (level 13, 0/55 HPs)
             Began as a Spriggan Enchanter on Aug 26, 2015.
             Was the Champion of Dithmenos.
             Succumbed to a flail of venom's poison
             ... in the Dungeon (Sprint III: "The Ten Rune Challenge").
             The game lasted 00:22:22 (5062 turns).

Kidiri the Imperceptible (Spriggan Enchanter)       Turns: 5062, Time: 00:22:22

Health: 0/55       AC:  4    Str:  4    XL:     13   Next: 70%
Magic:  30/35      EV: 37    Int: 23    God:    Dithmenos [******]
Gold:   56         SH:  0    Dex: 20    Spells: 13 memorised, 2 levels left

rFire  . . .     SeeInvis +     a - +1 dagger
rCold  . . .     Rnd*Rage +     b - +1 robe
rNeg   . . .     SustAt   .     (shield restricted)
rPois  .         Gourm    .     k - +1 hat {Int+3}
rElec  .         Spirit   .     (no cloak)
rCorr  .         Warding  .     (gloves unavailable)
rMut   .         NoTele   +     (boots unavailable)
MR     ++...                    (no amulet)
Stlth  ++++++++++               (no ring)
                                (no ring)

@: lethally poisoned (0 -> -19), wreathed by umbra, studying Armour, very quick,
very resistant to hostile enchantments, uncannily stealthy
A: unfitting armour, claws 1, fangs 1, hooves 1, camouflage 1, see invisible,
berserk 1, breathe flames 1, clever 1, herbivore 3, speed 3, slow metabolism 2,
wild magic 1
a: Shadow Step, Shadow Form, Renounce Religion, Breathe Fire
}: 2/10 runes: decaying, barnacled


You were in the Dungeon.
You worshipped Dithmenos.
Dithmenos was exalted by your worship.
You were not hungry.

You visited 1 branch You collected 56 gold pieces.

Inventory:

Hand weapons
 a - a +1 dagger (weapon)
Armour
 b - a +1 robe (worn)
 k - a +1 hat of intelligence (worn)
Magical devices
 c - a wand of confusion (14)
Scrolls
 j - a scroll of blinking
 l - a scroll of torment
 n - 2 scrolls of remove curse {unknown}
 q - a scroll of holy word
Potions
 d - 2 potions of might
 f - a potion of heal wounds
 g - a potion of haste
 h - 2 potions of magic
 i - a potion of berserk rage
 p - a potion of resistance {unknown}
 r - 4 potions of cure mutation
 s - a potion of brilliance {unknown}
Books
 m - a manual of Armour
Comestibles
 o - 27 royal jellies
 v - 9 fruits


   Skills:
 + Level 11.9 Short Blades
 + Level 2.1 Armour
 * Level 20.3 Dodging
 * Level 22.0 Stealth
 * Level 17.7 Spellcasting
 + Level 8.5 Conjurations
 + Level 13.1 Hexes
 + Level 13.7 Translocations
 + Level 12.5 Transmutations
 + Level 9.2 Ice Magic
 + Level 9.2 Earth Magic
 - Level 2.2 Invocations


You had 2 spell levels left.
You knew the following spells:

 Your Spells              Type           Power        Failure   Level  Hunger
a - Corona                Hex            #######      1%          1    None
b - Ensorcelled Hibernat  Hex/Ice        ######       1%          2    None
c - Confuse               Hex            #######.     1%          3    None
d - Tukima's Dance        Hex            #######.     1%          3    None
e - Dazzling Spray        Conj/Hex       #######.     1%          3    None
f - Passwall              Trmt/Erth      #######...   1%          3    None
g - Passage of Golubria   Tloc           N/A          1%          4    None
h - Lee's Rapid Deconstr  Erth           #######...   4%          5    None
i - Darkness              Hex            #######...   5%          6    ####...
j - Invisibility          Hex            #######.     5%          6    ####...
k - Stoneskin             Trmt/Erth      #######.     1%          2    None
l - Stone Arrow           Conj/Erth      ######       1%          3    None
m - Petrify               Trmt/Erth      #######.     2%          4    None


Dungeon Overview and Level Annotations

Branches:
Dungeon (1/1)

Altars:
Cheibriados
Dithmenos
Elyvilon
Fedhas
Gozag
Kikubaaqudgha
Makhleb
Nemelex Xobeh
Okawaru
Qazlal
Ru
Sif Muna
Trog
Vehumet
Xom
Yredelemnul
Zin
The Shining One
Jiyva
Lugonu

Shops:
D !(:=[!

Annotations:
D exclusion: obsidian statue


Innate Abilities, Weirdness & Mutations

You are tiny and cannot use many weapons and most armour.
You have supernaturally acute eyesight.
You are a herbivore.
You cover ground extremely quickly.
You need consume almost no food.
You have sharp fingernails.
You have very sharp teeth.
You have large cloven feet.
Your skin changes colour to match your surroundings (Stealth).
You tend to lose your temper in combat.
You can breathe flames.
Your mind is acute. (Int +2)
Your spells are a little harder to cast, but a little more powerful.


Message History

a dagger; 2 chunks of flesh; a spriggan skeleton
There is an open door here.
You feel sick.
Marking area around the obsidian statue as unsafe for travelling.
An obsidian statue comes into view.
You feel sick.
There is an open door here.
You feel sick.
Drink which item? (? for menu, Esc to quit)
You feel better. The flail of venom barely misses you.
You see here a halberd.
Casting: Dazzling Spray
Confirm with . or Enter, or press ? or * to list all spells.
Which direction?
The flail of venom hits you!!
* * * LOW HITPOINT WARNING * * *
You emit a cloud of dark smoke.
You are lethally poisoned!
You begin to meditate on the wall.
You continue meditating on the rock.
You die...

≈........≈≈≈...##.#.#.##.......#
≈≈≈≈≈≈≈≈≈≈≈♣♣..+.#.#.#.#.......#
♣♣♣♣♣♣♣♣♣♣♣♣♣PP##.#.#.##########
♣♣♣##'######## ♣♣♣♣♣♣♣♣♣♣♣♣♣
#...'.≈≈≈≈# ..##≈≈≈≈≈≈..#
#...#.≈≈§≈# ##.#≈≈≈≈≈...#
#).)#.#≈§§#
#.##+≈≈≈≈§####+#####.# §§
#[).#≈≈..§§§§§§#@PPP.# § #
##..#≈..+#######(§PPP# #
#####...#......#§§[PP# #
##(.....#♣♣♣._.#...)P# #
##+#############'##### ###
▓)≈≈≈≈≈≈≈≈≈≈≈▓#.....+ ##.#
▓≈≈≈≈≈≈≈≈≈≈≈≈▓#.#############§.'
▓≈≈≈..≈≈≈≈≈..▓#.#[PP...§§§§§§(.#
▓≈≈..(.≈≈≈...▓#.#P..)).§########


You could see a flail of venom.

Vanquished Creatures
  the Lernaean hydra (D)
  Sigmund (D)
  Rupert (D)
  Polyphemus (D)
  Gastronok (D)
  Ilsuiw (D)
  2 dire elephants (D)
  A merfolk javelineer (D)
  Josephine (D)
  A fire dragon (D)
  A hydra (D)
  An anaconda (shapeshifter) (D)
  2 dancing weapons (D)
  2 centaur warriors (D)
  4 death yaks (D)
  A death drake (D)
  2 unseen horrors (D)
  A spriggan druid (D)
  A sea snake (D)
  2 swamp dragons (D)
  A lindwurm (D)
  2 elephants (D)
  2 black mambas (D)
  Edmund (D)
  An eye of devastation (shapeshifter) (D)
  2 spiny frogs (D)
  A queen bee (D)
  A komodo dragon (D)
  A fire drake (D)
  3 wandering mushrooms (D)
  4 spriggan defenders (D)
  8 blink frogs (D)
  4 orc high priests (D)
  A slime creature (shapeshifter) (D)
  2 spriggans (D)
  A shadow (D)
  3 redbacks (D)
  A spatial vortex (D)
  3 swamp drakes (D)
  A necrophage (D)
  2 centaurs (D)
  An earth elemental (D)
  2 brain worms (D)
  A water elemental (D)
  32 killer bees (D)
  A wizard (D)
  A jelly (D)
  Jessica (D)
  A necromancer (D)
  A wolf (D)
  3 sheep (D)
  3 humans (D)
  A kobold demonologist (D)
  An ooze (D)
  2 rats (D)
124 creatures vanquished.

Vanquished Creatures (collateral kills)
  Maud (D)
  A deep elf priest (D)
2 creatures vanquished.

Vanquished Creatures (others)
  2 draconian scorchers (D)
  2 hydras (D)
  3 yaktaurs (D)
  An electric eel (D)
  A giant spore (D)
9 creatures vanquished.

Grand Total: 135 creatures vanquished

Notes
Turn   | Place    | Note
--------------------------------------------------------------
     0 | D        | Kidiri the Spriggan Enchanter began the quest for the Orb.
     0 | D        | Reached XP level 1. HP: 9/9 MP: 5/5
     4 | D        | Reached skill level 5 in Stealth
    13 | D        | Noticed Jessica
    18 | D        | Killed Jessica
    18 | D        | Reached skill level 5 in Dodging
    18 | D        | Reached skill level 6 in Stealth
    18 | D        | Reached XP level 2. HP: 13/13 MP: 6/8
    18 | D        | Reached XP level 3. HP: 16/16 MP: 6/9
    22 | D        | Learned a level 2 spell: Ensorcelled Hibernation
    26 | D        | Learned a level 3 spell: Confuse
    30 | D        | Learned a level 3 spell: Tukima's Dance
    36 | D        | Killed a yaktaur
    64 | D        | Reached skill level 7 in Stealth
    65 | D        | Noticed a wolf
    90 | D        | Killed a wolf
    90 | D        | Reached skill level 5 in Spellcasting
    90 | D        | Reached skill level 1 in Ice Magic
    90 | D        | Reached XP level 4. HP: 13/21 MP: 4/12
    95 | D        | Learned a level 3 spell: Dazzling Spray
   234 | D        | Killed a white draconian scorcher
   235 | D        | Gained mutation: You tend to lose your temper in combat. [potion of mutation]
   235 | D        | Gained mutation: Your mind is acute. (Int +2) [potion of mutation]
   235 | D        | Killed a white draconian scorcher
   236 | D        | Gained mutation: You have sharp fingernails. [potion of mutation]
   236 | D        | Gained mutation: Your spells are a little harder to cast, but a little more powerful. [potion of mutation]
   236 | D        | Gained mutation: You have large cloven feet. [potion of mutation]
   266 | D        | Noticed a water elemental
   310 | D        | Killed a water elemental
   310 | D        | Reached skill level 8 in Stealth
   310 | D        | Reached skill level 1 in Conjurations
   310 | D        | Reached skill level 5 in Hexes
   443 | D        | Noticed a jelly
   444 | D        | Noticed a shadow
   531 | D        | Killed a shadow
   531 | D        | Reached skill level 9 in Dodging
   531 | D        | Reached skill level 10 in Stealth
   531 | D        | Reached XP level 5. HP: 13/24 MP: 0/16
   531 | D        | Reached XP level 6. HP: 15/28 MP: 0/17
   695 | D        | Killed a jelly
   893 | D        | Found a stormy altar of Qazlal.
   894 | D        | Found a sacrificial altar of Ru.
   894 | D        | Found a burning altar of Makhleb.
   894 | D        | Found a viscous altar of Jiyva.
   894 | D        | Found a shimmering altar of Xom.
   894 | D        | Found a shadowy altar of Dithmenos.
   894 | D        | Found a sparkling altar of Nemelex Xobeh.
   894 | D        | Found a corrupted altar of Lugonu.
   894 | D        | Found an opulent altar of Gozag.
   894 | D        | Noticed a spatial vortex
  1193 | D        | Became a worshipper of Dithmenos the Shadowed
  1275 | D        | Killed a spatial vortex
  1275 | D        | Reached skill level 5 in Short Blades
  1275 | D        | Reached skill level 11 in Stealth
  1275 | D        | Reached skill level 1 in Invocations
  1383 | D        | Killed a yaktaur
  1395 | D        | Found a radiant altar of Vehumet.
  1396 | D        | Found a deep blue altar of Sif Muna.
  1396 | D        | Found an ancient bone altar of Kikubaaqudgha.
  1396 | D        | Noticed a wizard
  1397 | D        | Killed a wizard
  1399 | D        | Reached skill level 10 in Dodging
  1416 | D        | Learned a level 3 spell: Passwall
  1421 | D        | Learned a level 4 spell: Passage of Golubria
  1426 | D        | Found a glowing silver altar of Zin.
  1427 | D        | Found a glowing golden altar of the Shining One.
  1427 | D        | Found a white marble altar of Elyvilon.
  1427 | D        | Noticed a deep elf priest
  1434 | D        | Killed a deep elf priest
  1434 | D        | Reached skill level 1 in Translocations
  1434 | D        | Reached skill level 1 in Transmutations
  1434 | D        | Reached skill level 1 in Earth Magic
  1434 | D        | Reached XP level 7. HP: 32/32 MP: 13/20
  1477 | D        | Found an iron altar of Okawaru.
  1478 | D        | Found a bloodstained altar of Trog.
  1478 | D        | Noticed a human
  1478 | D        | Noticed a human
  1497 | D        | Killed a human
  1497 | D        | Reached skill level 12 in Stealth
  1509 | D        | Killed a human
  1534 | D        | Learned a level 5 spell: Lee's Rapid Deconstruction
  1584 | D        | Found a snail-covered altar of Cheibriados.
  1584 | D        | Noticed a necrophage
  1585 | D        | Found a basalt altar of Yredelemnul.
  1585 | D        | Found a blossoming altar of Fedhas.
  1585 | D        | Noticed a necromancer
  1586 | D        | Killed a necrophage
  1586 | D        | Acquired Dithmenos's first power
  1587 | D        | Killed a necromancer
  1587 | D        | Reached XP level 8. HP: 36/36 MP: 20/22
  1613 | D        | Noticed Josephine
  1615 | D        | Killed Josephine
  1615 | D        | Reached skill level 13 in Stealth
  1615 | D        | Reached skill level 10 in Spellcasting
  1624 | D        | Noticed an earth elemental
  1627 | D        | Killed an earth elemental
  1627 | D        | Reached skill level 5 in Translocations
  1632 | D        | Noticed a centaur
  1632 | D        | Noticed a centaur warrior
  1632 | D        | Noticed a centaur
  1634 | D        | Killed a centaur
  1636 | D        | Killed a centaur warrior
  1636 | D        | Acquired Dithmenos's second power
  1636 | D        | Reached skill level 14 in Stealth
  1636 | D        | Reached skill level 5 in Transmutations
  1636 | D        | Reached XP level 9. HP: 39/39 MP: 23/25
  1637 | D        | Killed a centaur
  1656 | D        | Noticed an unseen horror
  1656 | D        | Noticed an unseen horror
  1657 | D        | Killed an unseen horror
  1657 | D        | Reached skill level 5 in Ice Magic
  1659 | D        | Killed an unseen horror
  1659 | D        | Reached skill level 15 in Stealth
  1670 | D        | Learned a level 6 spell: Darkness
  1676 | D        | Noticed a killer bee
  1676 | D        | Noticed a killer bee
  1676 | D        | Noticed a killer bee
  1676 | D        | Noticed a killer bee
  1676 | D        | Noticed a killer bee
  1676 | D        | Noticed a killer bee
  1676 | D        | Noticed a killer bee
  1676 | D        | Noticed a killer bee
  1676 | D        | Noticed a killer bee
  1676 | D        | Noticed a killer bee
  1676 | D        | Noticed a killer bee
  1676 | D        | Noticed a killer bee
  1676 | D        | Noticed a killer bee
  1676 | D        | Noticed a killer bee
  1676 | D        | Noticed a killer bee
  1677 | D        | Noticed a killer bee
  1677 | D        | Noticed a killer bee
  1678 | D        | Noticed a killer bee
  1678 | D        | Noticed a killer bee
  1678 | D        | Noticed a killer bee
  1678 | D        | Noticed a killer bee
  1678 | D        | Noticed a killer bee
  1678 | D        | Noticed a killer bee
  1680 | D        | Killed a killer bee
  1681 | D        | Noticed a killer bee
  1682 | D        | Noticed a killer bee
  1683 | D        | Noticed a killer bee
  1683 | D        | Noticed a killer bee
  1684 | D        | Killed a killer bee
  1684 | D        | Acquired Dithmenos's third power
  1685 | D        | Noticed a killer bee
  1686 | D        | Killed a killer bee
  1687 | D        | Noticed a killer bee
  1687 | D        | Noticed a killer bee
  1688 | D        | Killed a killer bee
  1691 | D        | Noticed a killer bee
  1691 | D        | Killed a killer bee
  1691 | D        | Reached XP level 10. HP: 44/44 MP: 6/26
  1693 | D        | Killed a killer bee
  1695 | D        | Noticed a queen bee
  1695 | D        | Killed a killer bee
  1828 | D        | Killed a killer bee
  1828 | D        | Acquired Dithmenos's fourth power
  1830 | D        | Killed a killer bee
  1831 | D        | Noticed a killer bee
  1834 | D        | Killed a killer bee
  1836 | D        | Killed a killer bee
  1838 | D        | Killed a killer bee
  1840 | D        | Killed a killer bee
  1843 | D        | Killed a killer bee
  1846 | D        | Killed a killer bee
  1848 | D        | Killed a killer bee
  1850 | D        | Killed a killer bee
  1980 | D        | Killed a killer bee
  1982 | D        | Killed a killer bee
  1982 | D        | Killed a killer bee
  1983 | D        | Killed a killer bee
  1984 | D        | Killed a killer bee
  1985 | D        | Killed a killer bee
  1985 | D        | Reached skill level 5 in Conjurations
  1985 | D        | Killed a killer bee
  1987 | D        | Killed a killer bee
  1989 | D        | Killed a killer bee
  1991 | D        | Killed a killer bee
  1995 | D        | Killed a queen bee
  1995 | D        | Reached skill level 16 in Stealth
  1995 | D        | Reached skill level 5 in Earth Magic
  2145 | D        | Killed a killer bee
  2149 | D        | Killed a killer bee
  2150 | D        | Killed a killer bee
  2151 | D        | Killed a killer bee
  2154 | D        | Killed a killer bee
  2408 | D        | Noticed a wandering mushroom
  2409 | D        | Noticed a wandering mushroom
  2409 | D        | Noticed a wandering mushroom
  2411 | D        | Killed a wandering mushroom
  2414 | D        | Killed a wandering mushroom
  2418 | D        | Killed a wandering mushroom
  2486 | D        | Noticed a spiny frog
  2486 | D        | Noticed a komodo dragon
  2486 | D        | Noticed a spiny frog
  2489 | D        | Killed a spiny frog
  2493 | D        | Killed a spiny frog
  2496 | D        | Killed a komodo dragon
  2496 | D        | Reached skill level 15 in Dodging
  2548 | D        | Noticed a redback
  2550 | D        | Killed a redback
  2551 | D        | Noticed a brain worm
  2554 | D        | Killed a brain worm
  2557 | D        | Noticed a brain worm
  2560 | D        | Killed a brain worm
  2564 | D        | Noticed a lindwurm
  2566 | D        | Noticed a redback
  2568 | D        | Killed a lindwurm
  2568 | D        | Reached skill level 10 in Hexes
  2856 | D        | Killed a redback
  2856 | D        | Reached skill level 17 in Stealth
  2872 | D        | Noticed a redback
  2872 | D        | Noticed Maud
  2891 | D        | Killed a redback
  2891 | D        | Reached XP level 11. HP: 37/47 MP: 21/29
  2899 | D        | Learned a level 6 spell: Invisibility
  3266 | D        | Killed Maud
  3415 | D        | Killed a four-headed hydra
  3443 | D        | Killed an electric eel
  3588 | D        | Killed a four-headed hydra
  3612 | D        | Noticed a death drake
  3615 | D        | Killed a death drake
  3626 | D        | Found a blossoming altar of Fedhas.
  3626 | D        | Noticed a spriggan
  3626 | D        | Noticed a spriggan druid
  3626 | D        | Noticed a spriggan
  3629 | D        | Killed a yaktaur
  3637 | D        | Killed a spriggan druid
  3645 | D        | Killed a spriggan
  3649 | D        | Killed a spriggan
  3918 | D        | Noticed Polyphemus
  3919 | D        | Noticed Ilsuiw
  3922 | D        | Killed Polyphemus
  3922 | D        | Reached skill level 18 in Stealth
  3922 | D        | Reached skill level 10 in Translocations
  3925 | D        | Killed Ilsuiw
  3998 | D        | Found Geettarph's Jewellery Emporium.
  3998 | D        | Found Laskacro's Antique Armour Shop.
  3998 | D        | Found Agolebur's Distillery.
  3998 | D        | Noticed a sea snake
  3998 | D        | Noticed a merfolk javelineer
  4001 | D        | Killed a sea snake
  4065 | D        | Killed a merfolk javelineer
  4121 | D        | Got a barnacled rune of Zot
  4212 | D        | Learned a level 2 spell: Stoneskin
  4213 | D        | Noticed a swamp drake
  4213 | D        | Noticed a fire drake
  4214 | D        | Killed a fire drake
  4216 | D        | Killed a swamp drake
  4262 | D        | Noticed a blink frog
  4262 | D        | Noticed a blink frog
  4263 | D        | Noticed a blink frog
  4264 | D        | Noticed a blink frog
  4266 | D        | Killed a blink frog
  4268 | D        | Noticed a blink frog
  4269 | D        | Killed a blink frog
  4271 | D        | Killed a blink frog
  4273 | D        | Killed a blink frog
  4273 | D        | Reached XP level 12. HP: 51/51 MP: 22/31
  4276 | D        | Killed a blink frog
  4314 | D        | Noticed Rupert
  4316 | D        | Killed Rupert
  4316 | D        | Reached skill level 10 in Short Blades
  4316 | D        | Reached skill level 19 in Stealth
  4316 | D        | Reached skill level 15 in Spellcasting
  4316 | D        | Reached skill level 10 in Transmutations
  4340 | D        | Noticed a death yak
  4341 | D        | Noticed a death yak
  4341 | D        | Noticed a blink frog
  4342 | D        | Noticed an azure jelly
  4342 | D        | Noticed a death yak
  4342 | D        | Noticed an azure jelly
  4342 | D        | Noticed a blink frog
  4342 | D        | Noticed a death yak
  4343 | D        | Killed a death yak
  4344 | D        | Killed a blink frog
  4345 | D        | Killed a death yak
  4346 | D        | Noticed a blink frog
  4346 | D        | Noticed a black mamba
  4347 | D        | Killed a death yak
  4348 | D        | Noticed a black mamba
  4349 | D        | Killed a blink frog
  4350 | D        | Killed a blink frog
  4351 | D        | Killed a death yak
  4353 | D        | Killed a black mamba
  4354 | D        | Killed a black mamba
  4388 | D        | Learned a level 3 spell: Stone Arrow
  4394 | D        | Noticed a swamp drake
  4396 | D        | Killed a swamp drake
  4399 | D        | Noticed a swamp drake
  4400 | D        | Noticed a swamp dragon
  4400 | D        | Found Ivaisad's Distillery.
  4400 | D        | Found Hecicvot's Antique Weapon Boutique.
  4401 | D        | Killed a swamp drake
  4402 | D        | Found Jaez's Book Emporium.
  4403 | D        | Killed a swamp dragon
  4463 | D        | Noticed a swamp dragon
  4466 | D        | Killed a swamp dragon
  4471 | D        | Noticed a four-headed hydra
  4471 | D        | Noticed the 27-headed Lernaean hydra
  4473 | D        | Killed a four-headed hydra
  4473 | D        | Reached skill level 20 in Stealth
  4475 | D        | Killed the 27-headed Lernaean hydra
  4475 | D        | Reached XP level 13. HP: 55/55 MP: 23/34
  4480 | D        | Got a decaying rune of Zot
  4520 | D        | Noticed an azure jelly
  4520 | D        | Noticed an azure jelly
  4546 | D        | Noticed an elephant
  4546 | D        | Noticed an elephant
  4546 | D        | Noticed a dire elephant
  4546 | D        | Noticed a dire elephant
  4546 | D        | Noticed Gastronok
  4548 | D        | Killed Gastronok
  4549 | D        | Killed a dire elephant
  4551 | D        | Killed a dire elephant
  4555 | D        | Killed an elephant
  4555 | D        | Reached skill level 21 in Stealth
  4566 | D        | Killed an elephant
  4579 | D        | Gained mutation: You can breathe flames. [potion of mutation]
  4579 | D        | Gained mutation: You have very sharp teeth. [potion of mutation]
  4579 | D        | Gained mutation: Your skin changes colour to match your surroundings (Stealth). [potion of mutation]
  4634 | D        | Learned a level 4 spell: Petrify
  4808 | D        | Noticed Sigmund
  4808 | D        | Noticed Edmund
  4810 | D        | Killed Sigmund
  4812 | D        | Killed Edmund
  4835 | D        | Noticed an orc high priest
  4835 | D        | Noticed an orc high priest
  4836 | D        | Noticed an orc high priest
  4836 | D        | Noticed an orc high priest
  4837 | D        | Killed an orc high priest
  4838 | D        | Killed an orc high priest
  4840 | D        | Killed an orc high priest
  4841 | D        | Killed an orc high priest
  4878 | D        | Noticed a spriggan defender
  4879 | D        | Noticed a spriggan defender
  4879 | D        | Noticed a spriggan defender
  4879 | D        | Noticed a spriggan defender
  4880 | D        | Killed a spriggan defender
  4881 | D        | Killed a spriggan defender
  4883 | D        | Killed a spriggan defender
  4884 | D        | Killed a spriggan defender
  4926 | D        | Noticed an anaconda
  4928 | D        | Killed an anaconda
  4956 | D        | Noticed a centaur warrior
  4960 | D        | Killed a centaur warrior
  4975 | D        | Noticed a slime creature
  4976 | D        | Noticed a fire dragon
  4976 | D        | Noticed an eye of devastation
  4978 | D        | Killed a slime creature
  4982 | D        | Killed a fire dragon
  4982 | D        | Reached skill level 1 in Armour
  4983 | D        | Killed an eye of devastation
  4998 | D        | Noticed a short sword of electrocution
  4998 | D        | Noticed a flail of venom
  4999 | D        | Noticed a scimitar of protection
  5000 | D        | Noticed a glaive of flaming
  5001 | D        | Killed a scimitar of protection
  5003 | D        | Killed a glaive of flaming
  5003 | D        | Reached skill level 22 in Stealth
  5044 | D        | Noticed an obsidian statue
  5061 | D        | HP: 2/55 [flail of venom (19)]
  5062 | D        | Succumbed to a flail of venom's poison

Vault maps used:
D:        dungeon_sprint_mu

Action                   |  1- 3 |  4- 6 |  7- 9 | 10-12 | 13-15 || total
-------------------------+-------+-------+-------+-------+-------++-------
Melee: Dagger            |     6 |    16 |    32 |    96 |    28 ||   178
 Cast: Ensorcelled Hiber |     3 |     1 |    11 |    34 |     4 ||    53
       Dazzling Spray    |       |    21 |     1 |    21 |     4 ||    47
       Corona            |       |     4 |       |       |       ||     4
       Tukima's Dance    |       |     1 |       |     2 |       ||     3
       Confuse           |       |       |     3 |     3 |       ||     6
       Invisibility      |       |       |       |     1 |       ||     1
       Passwall          |       |       |       |       |     1 ||     1
Invok: Shadow Step       |       |       |       |    13 |     4 ||    17
  Use: Potion            |       |     3 |       |       |     2 ||     5
       Scroll            |       |     3 |       |       |       ||     3
 Stab: Sleeping          |     6 |     3 |    14 |    56 |    21 ||   100
       Confused          |       |       |     2 |     1 |       ||     3
       Invisible         |       |       |       |     3 |     2 ||     5
  Eat: Bread ration      |       |       |       |     1 |       ||     1
